 Dungeon Crawl Stone Soup version 0.21-a0-91-ga5031da (webtiles) character file.

1463 4thArraOfDagon the Slasher (level 8, 0/58 HPs)
             Began as a Demonspawn Chaos Knight on June 30, 2017.
             Slain by an orc warrior
             ... wielding a +0 dire flail
              (9 damage)
             ... on level 6 of the Dungeon.
             The game lasted 00:05:18 (1292 turns).

4thArraOfDagon the Slasher (DsCK)                   Turns: 1292, Time: 00:05:18

Health: 0/58       AC: 12    Str: 12    XL:     8   Next: 48%
Magic:  8/8        EV: 14    Int: 16    God:    Xom [....*.]
Gold:   19         SH:  0    Dex: 13    Spells: 7/7 levels left

rFire    . . .     SeeInvis .   a - +0 falchion (chaos)
rCold    . . .     Gourm    .   (no shield)
rNeg     . . .     Faith    .   b - +2 leather armour
rPois    .         Spirit   .   r - +0 helmet
rElec    .         Reflect  .   (no cloak)
rCorr    .         Harm     .   h - +0 pair of gloves
MR       .....                  (no boots)
Stlth    +.........             (no amulet)
HPRegen  0.19/turn              (no ring)
MPRegen  0.11/turn              (no ring)

@: no status effects
A: hooves 1, iridescent scales 2, spiny 2
a: Renounce Religion


You were on level 6 of the Dungeon.
You worshipped Xom.
You were a beloved toy of Xom.
You were not hungry.

You visited 1 branch of the dungeon, and saw 6 of its levels.

You collected 191 gold pieces.
You spent 172 gold pieces at shops.

Inventory:

Hand Weapons
 a - a +0 falchion of chaos (weapon)
Armour
 b - a +2 leather armour (worn)
 h - a +0 pair of gloves (worn)
 r - a +0 helmet (worn)
Wands
 s - a wand of flame (23/48)
Scrolls
 d - 2 scrolls of remove curse {unknown}
 e - 6 scrolls of teleportation
 g - a scroll of fog {unknown}
 i - a scroll of identify {unknown}
 k - a scroll of immolation {unknown}
 l - 2 scrolls of fear {unknown}
Potions
 f - 3 potions of berserk rage {unknown}
 o - a potion of haste {unknown}
 p - 2 potions of curing {unknown}
 q - a potion of magic {unknown}
Comestibles
 c - 4 bread rations
 j - a royal jelly


   Skills:
 - Level 3.0 Fighting
 * Level 7.4 Long Blades
 + Level 5.0 Armour
 + Level 4.7 Dodging


You had 7 spell levels left.
You didn't know any spells.

Dungeon Overview and Level Annotations

Branches:
Dungeon (6/15)             Temple (0/1) D:5

Altars:

Shops:
D:5 ?%!*


Innate Abilities, Weirdness & Mutations

You have large cloven feet.
You are mostly covered in iridescent scales. (AC +4)
You are mostly covered in sharp spines.


Message History

Unknown command.
You hit the orc but do no damage. You kick the orc.
The orc is almost dead.
Something hits you. The orc is struck by your spines.
You kill the orc!
Unknown command.
You swing at nothing.
Something barely misses you.
You slash something!
You feel better. Something hits you!!
You hit something but do no damage. Your kick misses something.
Something hits you.
You miss something. Your kick misses something. You completely miss something.
You kick something. Something hits you! Something hits you!
Your trail of clouds dissipates.
You see here an orc corpse.
Something hits you!
* * * LOW HITPOINT WARNING * * *
Something hits you!
You die... "I guess I need a new plaything now."

...#
###...####
#........#
#...(....#
###........#
...........#
#........###
#..........#
#####@.###.#
##.###.#
#...#.#
###†#.#
###...######
#..........#
#..........#
#.....<....#
#..........#


There were no monsters in sight!

Vanquished Creatures
  Pikel (D:5)
  Sigmund (D:4)
  A slave (D:5)
  2 ice beasts (D:5)
  2 ogres
  A centaur (D:5)
  2 scorpions (D:4)
  2 howler monkeys
  A gnoll shaman (D:5)
  An orc priest (D:5)
  2 orc wizards (D:5)
  5 gnolls (D:5)
  2 adders
  2 shadow imps (D:5)
  An ooze (D:2)
  An adder zombie (D:5)
  An adder skeleton (D:5)
  A dart slug (D:5)
  4 leopard geckos
  12 orcs
  A bat (D:6)
  A goblin (D:3)
  2 hobgoblins (D:3)
  A frilled lizard (D:5)
  A rat (D:3)
51 creatures vanquished.

Vanquished Creatures (others)
  A crimson imp (D:5)
1 creature vanquished.

Grand Total: 52 creatures vanquished

Notes
Turn   | Place    | Note
-------+----------+-------------------------------------------
     0 | D:1      | 4thArraOfDagon the Demonspawn Chaos Knight began the quest for the Orb.
     0 | D:1      | Reached XP level 1. HP: 18/18 MP: 1/1
     8 | D:2      | Reached skill level 1 in Dodging
    75 | D:3      | Reached skill level 3 in Long Blades
    95 | D:3      | Gained mutation: You are partially covered in iridescent scales. (AC +2) [demonic ancestry]
    95 | D:3      | Reached XP level 2. HP: 24/24 MP: 2/2
   120 | D:4      | Noticed Sigmund
   120 | D:4      | Noticed a scorpion
   138 | D:4      | Noticed a howler monkey
   140 | D:4      | XOM: potion effect (haste)
   178 | D:4      | XOM: potion effect (might)
   182 | D:4      | XOM: potion effect (invisibility)
   191 | D:4      | XOM: summons friendly crimson imp
   193 | D:4      | Killed a howler monkey
   193 | D:4      | Gained mutation: You are mostly covered in iridescent scales. (AC +4) [demonic ancestry]
   193 | D:4      | Reached XP level 3. HP: 25/29 MP: 3/3
   199 | D:4      | Killed Sigmund
   199 | D:4      | Reached skill level 4 in Long Blades
   199 | D:4      | Gained mutation: You are partially covered in sharp spines. [demonic ancestry]
   199 | D:4      | Reached XP level 4. HP: 34/35 MP: 4/4
   199 | D:4      | Gained mutation: You are mostly covered in sharp spines. [demonic ancestry]
   199 | D:4      | Reached XP level 5. HP: 39/41 MP: 5/5
   218 | D:4      | Noticed an ogre
   222 | D:4      | Killed an ogre
   222 | D:4      | Reached skill level 5 in Long Blades
   222 | D:4      | Gained mutation: You have large cloven feet. [demonic ancestry]
   222 | D:4      | Reached XP level 6. HP: 47/47 MP: 6/6
   246 | D:5      | Entered Level 5 of the Dungeon
   429 | D:4      | XOM: god gift: 51 gold pieces
   447 | D:5      | Noticed a slave
   449 | D:5      | Noticed Pikel
   455 | D:5      | Killed a slave
   457 | D:5      | Noticed a slave
   459 | D:5      | Noticed a slave
   469 | D:5      | Killed Pikel
   469 | D:5      | Reached skill level 6 in Long Blades
   469 | D:5      | Reached XP level 7. HP: 48/52 MP: 7/7
   478 | D:5      | Found a staircase to the Ecumenical Temple.
   567 | D:5      | Found Weuph's Gadget Boutique.
   601 | D:5      | Reached XP level 8. HP: 37/58 MP: 8/8
   607 | D:5      | Found Peniovan's Food Shoppe.
   615 | D:5      | XOM: harmless Necr miscast
   690 | D:5      | XOM: scenery: 1 doors open
   720 | D:5      | Reached skill level 7 in Long Blades
   778 | D:5      | XOM: fog
   869 | D:5      | XOM: confuse monster(s)
   879 | D:5      | Found Hiugidi's Assorted Antiques.
   888 | D:5      | Bought a lumpy green potion for 26 gold pieces
   888 | D:5      | Bought a bubbling red potion for 26 gold pieces
   888 | D:5      | Bought a lumpy green potion for 26 gold pieces
   888 | D:5      | Bought a scroll labeled WOIPRIHODI for 29 gold pieces
   888 | D:5      | Bought a scroll labeled NERRUCKOCO for 29 gold pieces
   890 | D:5      | XOM: potion effect (curing)
   895 | D:5      | Reached skill level 5 in Armour
  1028 | D:5      | XOM: scenery: 1 doors close
  1048 | D:5      | Found Kuli's Distillery.
  1153 | D:5      | Found Cez Dio's Magic Scroll Emporium.
  1161 | D:5      | Bought a scroll of teleportation for 36 gold pieces
  1186 | D:5      | XOM: cloud trail
  1248 | D:6      | XOM: polymorph orc -> bat
  1292 | D:6      | Slain by an orc warrior

Vault maps used:
D:1:      lemuel_arrival_hallway
D:2:      first_bread, fedhas_altar_3, uniq_jessica
D:4:      uniq_sigmund
D:5:      lemuel_doored_altar, temple_pool_b, serial_shops, shop, shop,
          nicolae_shop_stone, shop_fountains, shop, uniq_pikel
D:6:      lemuel_ice_spiral_2, kennysheep_little_box, minitemple,
          nemelex_spade_bored_becter

Skill      XL: |  1  2  3  4  5  6  7  8 |
---------------+-------------------------+-----
Dodging        | 1 2 3 4 |  4.7
Long Blades    | 3 4 5 6 7 |  7.4
Armour         | 2 3 4 5 |  5.0
Fighting       | |  3.0

Action                   |  1- 3 |  4- 6 |  7- 9 || total
-------------------------+-------+-------+-------++-------
Melee: Falchion          |    30 |    31 |    96 ||   157
       Kick              |       |    20 |    24 ||    44
 Stab: Sleeping          |     1 |       |       ||     1
       Invisible         |     1 |       |       ||     1
       Petrified         |       |     6 |       ||     6
       Petrifying        |       |     4 |       ||     4
       Confused          |       |       |     2 ||     2
  Eat: Fruit             |       |       |     2 ||     2
       Chunk             |       |       |     1 ||     1
Armor: Leather armour    |     6 |    10 |    28 ||    44
Dodge: Dodged            |    13 |    11 |    42 ||    66
       Rpst.: Falchion   |     2 |     6 |     8 ||    16
